[ PARTIDA AOE2 · #484660843 ]
UnrankedArmenios vs Persians
[ ANÁLISIS DE REPETICIÓN · EXTRAÍDO DE LA PARTIDA GRABADA ]
Feudal
—
Castillos
—
Imperial
—
| APM promedio | 37.9 |
| APM pico | 107 |
| eAPM promedio | 21.7 |
| Aldeanos / militares | 6 / 0 |
Foco
⚔️ 6.2% · 🌾 93.8%
Feudal
—
Castillos
—
Imperial
—
| APM promedio | 40.7 |
| APM pico | 46 |
| eAPM promedio | 14.9 |
| Aldeanos / militares | 16 / 0 |
Foco
⚔️ 25.0% · 🌾 75.0%
Feudal
—
Castillos
—
Imperial
—
| APM promedio | 32.4 |
| APM pico | 43 |
| eAPM promedio | 14.0 |
| Aldeanos / militares | 15 / 0 |
Foco
⚔️ 8.9% · 🌾 91.1%
Feudal
—
Castillos
—
Imperial
—
| APM promedio | 40.9 |
| APM pico | 50 |
| eAPM promedio | 16.2 |
| Aldeanos / militares | 26 / 0 |
Foco
⚔️ 8.2% · 🌾 91.8%
Feudal
—
Castillos
—
Imperial
—
| APM promedio | 17.1 |
| APM pico | 34 |
| eAPM promedio | 10.7 |
| Aldeanos / militares | 7 / 0 |
Foco
⚔️ 29.6% · 🌾 70.4%
Feudal
—
Castillos
—
Imperial
—
| APM promedio | 44.6 |
| APM pico | 61 |
| eAPM promedio | 19.0 |
| Aldeanos / militares | 10 / 0 |
Foco
⚔️ 15.4% · 🌾 84.6%
Feudal
—
Castillos
—
Imperial
—
| APM promedio | 52.3 |
| APM pico | 69 |
| eAPM promedio | 18.4 |
| Aldeanos / militares | 34 / 0 |
Foco
⚔️ 6.0% · 🌾 94.0%
Feudal
—
Castillos
—
Imperial
—
| APM promedio | 29.3 |
| APM pico | 57 |
| eAPM promedio | 13.3 |
| Aldeanos / militares | 9 / 0 |
Foco
⚔️ 19.4% · 🌾 80.6%
Mapa de la partida
Recursos iniciales + cada clic de construcción. Líneas = muros · curvas = relieve. ◆ oro · ⬟ piedra · ● bayas · ✦ reliquia · ◌ hueco del cierre
Tu base
Base de | ArCas |SirLaPonia
Base de {ST}TheJony
Base de Igris
Base de Laki
Base de 月儿
Base de TmZ_ĐЯEW ♚☯
Base de VaultBoy
Terreno inicial suavizado · ◌ = hueco del cierre detectado · pasá el cursor para detalles
Inputs por minuto
— [LdS]Nestoter - - | ArCas |SirLaPonia
Build order — [LdS]Nestoter
11 acciones detectadas en el replay
| 0:01 | Crear | Villager (Male) |
| 0:02 | Construir | House |
| 0:03 | Construir | House |
| 0:05 | Investigar | Loom |
| 0:05 | Crear | Villager (Male) |
| 0:05 | Crear | Villager (Male) |
| 0:06 | Crear | Villager (Male) |
| 0:35 | Construir | Palisade Wall |
| 2:01 | Crear | Villager (Male) |
| 2:01 | Crear | Villager (Male) |
| 2:10 | Construir | Palisade Wall |
Build order — | ArCas |SirLaPonia
22 acciones detectadas en el replay
| 0:05 | Construir | House |
| 0:07 | Construir | House |
| 0:07 | Crear | Villager (Male) |
| 0:08 | Crear | Villager (Male) |
| 0:08 | Crear | Villager (Male) |
| 0:08 | Crear | Villager (Male) |
| 0:08 | Crear | Villager (Male) |
| 0:09 | Crear | Villager (Male) |
| 1:37 | Crear | Villager (Male) |
| 1:38 | Crear | Villager (Male) |
| 1:38 | Crear | Villager (Male) |
| 2:03 | Construir | Lumber Camp |
| 2:09 | Crear | Villager (Male) |
| 2:09 | Crear | Villager (Male) |
| 2:10 | Crear | Villager (Male) |
| 3:07 | Crear | Villager (Male) |
| 3:26 | Crear | Villager (Male) |
| 3:40 | Crear | Villager (Male) |
| 3:59 | Construir | House |
| 4:00 | Construir | House |
| 4:02 | Construir | House |
| 4:14 | Crear | Villager (Male) |
Build order — {ST}TheJony
20 acciones detectadas en el replay
| 0:02 | Crear | Villager (Male) |
| 0:02 | Crear | Villager (Male) |
| 0:02 | Crear | Villager (Male) |
| 0:03 | Construir | House |
| 0:05 | Construir | House |
| 0:19 | Crear | Villager (Male) |
| 0:19 | Crear | Villager (Male) |
| 1:28 | Crear | Villager (Male) |
| 1:44 | Construir | Lumber Camp |
| 1:57 | Crear | Villager (Male) |
| 1:58 | Crear | Villager (Male) |
| 2:21 | Crear | Villager (Male) |
| 2:50 | Crear | Villager (Male) |
| 3:10 | Crear | Villager (Male) |
| 3:18 | Construir | House |
| 3:19 | Construir | House |
| 3:38 | Crear | Villager (Male) |
| 3:38 | Crear | Villager (Male) |
| 3:58 | Crear | Villager (Male) |
| 3:58 | Crear | Villager (Male) |
Build order — Igris
33 acciones detectadas en el replay
| 0:01 | Crear | Villager (Male) |
| 0:02 | Crear | Villager (Male) |
| 0:03 | Construir | House |
| 0:04 | Construir | House |
| 0:06 | Crear | Villager (Male) |
| 0:07 | Crear | Villager (Male) |
| 0:07 | Crear | Villager (Male) |
| 1:28 | Crear | Villager (Male) |
| 1:29 | Crear | Villager (Male) |
| 1:29 | Crear | Villager (Male) |
| 1:51 | Construir | Lumber Camp |
| 2:02 | Crear | Villager (Male) |
| 2:02 | Crear | Villager (Male) |
| 2:02 | Crear | Villager (Male) |
| 2:20 | Crear | Villager (Male) |
| 2:21 | Crear | Villager (Male) |
| 2:21 | Crear | Villager (Male) |
| 2:47 | Crear | Villager (Male) |
| 2:47 | Crear | Villager (Male) |
| 2:48 | Crear | Villager (Male) |
| 3:04 | Crear | Villager (Male) |
| 3:04 | Crear | Villager (Male) |
| 3:35 | Crear | Villager (Male) |
| 3:35 | Crear | Villager (Male) |
| 3:49 | Construir | House |
| 3:49 | Crear | Villager (Male) |
| 3:50 | Crear | Villager (Male) |
| 4:08 | Construir | House |
| 4:08 | Construir | House |
| 4:10 | Construir | House |
| 4:29 | Crear | Villager (Male) |
| 4:30 | Crear | Villager (Male) |
| 4:30 | Crear | Villager (Male) |
Build order — Laki
11 acciones detectadas en el replay
| 0:01 | Crear | Villager (Male) |
| 0:02 | Crear | Villager (Male) |
| 0:04 | Construir | House |
| 0:05 | Construir | House |
| 0:30 | Crear | Villager (Male) |
| 0:31 | Crear | Villager (Male) |
| 1:01 | Investigar | Loom |
| 1:26 | Crear | Villager (Male) |
| 1:26 | Crear | Villager (Male) |
| 2:09 | Construir | Palisade Wall |
| 2:24 | Crear | Villager (Male) |
Build order — 月儿
17 acciones detectadas en el replay
| 0:01 | Crear | Villager (Male) |
| 0:01 | Crear | Villager (Male) |
| 0:02 | Construir | House |
| 0:04 | Construir | House |
| 0:07 | Investigar | Loom |
| 0:08 | Investigar | Loom |
| 0:08 | Crear | Villager (Male) |
| 0:08 | Crear | Villager (Male) |
| 0:09 | Crear | Villager (Male) |
| 0:51 | Construir | Palisade Wall |
| 1:54 | Crear | Villager (Male) |
| 1:55 | Crear | Villager (Male) |
| 3:36 | Construir | House |
| 3:41 | Crear | Villager (Male) |
| 3:42 | Crear | Villager (Male) |
| 3:42 | Crear | Villager (Male) |
| 4:11 | Construir | Palisade Wall |
Build order — TmZ_ĐЯEW ♚☯
30 acciones detectadas en el replay
| 0:02 | Crear | Villager (Male) ×4 |
| 0:02 | Crear | Villager (Male) ×4 |
| 0:02 | Crear | Villager (Male) ×4 |
| 0:03 | Construir | House |
| 0:04 | Construir | House |
| 1:24 | Crear | Villager (Male) |
| 1:25 | Crear | Villager (Male) |
| 1:25 | Crear | Villager (Male) |
| 1:59 | Crear | Villager (Male) |
| 1:59 | Crear | Villager (Male) |
| 1:59 | Crear | Villager (Male) |
| 2:14 | Crear | Villager (Male) |
| 2:14 | Crear | Villager (Male) |
| 2:17 | Construir | Lumber Camp |
| 2:47 | Crear | Villager (Male) |
| 2:47 | Crear | Villager (Male) |
| 2:47 | Crear | Villager (Male) |
| 3:01 | Crear | Villager (Male) |
| 3:01 | Crear | Villager (Male) |
| 3:01 | Crear | Villager (Male) |
| 3:32 | Crear | Villager (Male) |
| 3:32 | Crear | Villager (Male) |
| 3:40 | Crear | Villager (Male) |
| 3:40 | Crear | Villager (Male) |
| 3:40 | Crear | Villager (Male) |
| 3:54 | Construir | House |
| 4:16 | Crear | Villager (Male) |
| 4:16 | Crear | Villager (Male) |
| 4:17 | Crear | Villager (Male) |
| 4:25 | Construir | Mill |
Build order — VaultBoy
15 acciones detectadas en el replay
| 0:02 | Crear | Villager (Male) |
| 0:04 | Construir | House |
| 0:05 | Construir | House |
| 0:08 | Crear | Villager (Male) |
| 0:08 | Crear | Villager (Male) |
| 0:09 | Crear | Villager (Male) |
| 0:09 | Crear | Villager (Male) |
| 0:30 | Investigar | Loom |
| 0:39 | Crear | Villager (Male) |
| 0:40 | Crear | Villager (Male) |
| 0:40 | Crear | Villager (Male) |
| 0:40 | Crear | Villager (Male) |
| 1:13 | Construir | Palisade Wall |
| 1:34 | Construir | Palisade Wall |
| 2:33 | Construir | House |
Cronología de la partida
| 0:35 | [LdS]Nestoter · wall_segment Palisade Wall x12 |
| 0:51 | 月儿 · wall_segment Palisade Wall x13 |
| 1:13 | VaultBoy · wall_segment Palisade Wall x4 |
| 1:34 | VaultBoy · wall_segment Palisade Wall x8 |
| 2:09 | Laki · wall_segment Palisade Wall x14 |
| 2:10 | [LdS]Nestoter · wall_segment Palisade Wall x1 |
| 2:20 | [LdS]Nestoter · resign |
| 4:11 | 月儿 · wall_segment Palisade Wall x14 |
[ ANÁLISIS IA · 1 CRÉDITO ]
¿Qué pasó realmente en esta partida?
Wolo.gg analiza cada decisión: build order, eco, micro, errores típicos por bracket. Análisis personalizado por WhatsApp o Discord en 30 segundos.
Guía civ
Armenios
Perfil
[LdS]Nestoter